 Dungeon Crawl Stone Soup version 0.28-a0-245-g639a1a48b9 (webtiles) character file.

Game seed: 12974754663589790247

31354 voltaire321 the Fighter (level 13, -4/114 HPs)
             Began as a Yellow Draconian Conjurer on Aug 24, 2021.
             Was the Champion of Fedhas.
             Slain by a blink frog (6 damage)
             ... while petrified by a catoblepas
             ... on level 5 of the Lair of Beasts.
             The game lasted 01:26:07 (24297 turns).

voltaire321 the Fighter (DrCj)                     Turns: 24297, Time: 01:26:08

Health: -4/114     AC: 11    Str: 10    XL:     13   Next: 25%
Magic:  21/26      EV:  2    Int: 22    God:    Fedhas [******]
Gold:   2596       SH:  0    Dex: 11    Spells: 14/30 levels left

rFire   + . .      SeeInvis .   k - +6 short sword
rCold   + . .      Faith    .   (no shield)
rNeg    + + +      Spirit   .   (armour unavailable)
rPois   ∞          Reflect  +   (helmet restricted)
rElec   .          Harm     .   v - scarf {rC+ rF+}
rCorr   +          Rampage  .   t - +2 pair of gloves
Will    .....                   (no boots)
Stlth   ++........              l - amulet of reflection
HPRegen 0.29/turn               a - +4 ring of evasion
MPRegen 0.20/turn               u - ring of poison resistance

@: petrified
A: spit acid, AC +8, unfitting armour, cold-blooded, acid resistance
a: Breathe Acid, Renounce Religion, Wall of Briars, Grow Ballistomycete,
Overgrow, Grow Oklob


You were on level 5 of the Lair of Beasts.
You worshipped Fedhas.
Fedhas was exalted by your worship.
You visited 3 branches of the dungeon, and saw 18 of its levels.

You collected 2596 gold pieces.

Inventory:

Hand Weapons
 g - a +0 rapier
 k - a +6 short sword (weapon)
 p - a +1 dagger of electrocution
Missiles
 K - 2 throwing nets
Armour
 t - a +2 pair of gloves (worn)
 v - a scarf of resistance (worn)
Magical Staves
 C - a staff of air
Jewellery
 a - a +4 ring of evasion (left hand)
 h - a ring of wizardry
 l - an amulet of reflection (around neck)
 u - a ring of poison resistance (right hand)
 E - an amulet of magic regeneration
 J - an amulet of the acrobat
Wands
 o - a wand of digging (6)
 y - a wand of flame (17)
 B - a wand of iceblast (18)
Scrolls
 e - 2 scrolls of enchant armour
 q - 3 scrolls of teleportation
 r - 2 scrolls of enchant weapon
 s - 2 scrolls of amnesia
 w - a scroll of magic mapping
 x - 2 scrolls of holy word
 A - a scroll of fear
 L - a scroll of identify
Potions
 b - 4 potions of attraction
 c - a potion of heal wounds
 d - a potion of brilliance
 f - 2 potions of curing
 i - a potion of lignification
 j - a potion of magic
 m - a potion of mutation
 n - 3 potions of cancellation
 z - 6 potions of ambrosia
 D - 2 potions of flight {unknown}
 F - 3 potions of degeneration {unknown}
 G - 3 potions of haste {unknown}
 H - 2 potions of resistance {unknown}
 I - a potion of might {unknown}


   Skills:
 + Level 10.3 Fighting
 + Level 9.0 Dodging
 - Level 1.7 Stealth
 + Level 9.1 Spellcasting
 + Level 10.3 Conjurations
 - Level 4.0 Summonings
 + Level 8.6 Air Magic
 + Level 9.5 Invocations


You had 14 spell levels left.
You knew the following spells:

 Your Spells              Type           Power      Damage    Failure   Level
a - Magic Dart            Conj           100%       1d8       1%          1
b - Searing Ray           Conj           100%       3d7       1%          2
c - Lightning Bolt        Conj/Air       25%        1d41      3%          5
d - Airstrike             Air            24%        N/A       1%          4
e - Summon Lightning Spi  Summ/Air       37%        N/A       4%          4

Your spell library contained the following spells:

 Spells                   Type           Power      Damage    Failure   Level
 Foxfire                  Conj/Fire      100%       2x1d9     1%          1
 Call Imp                 Summ           27%        N/A       1%          2
 Static Discharge         Conj/Air       51%        N/A       1%          2
 Mephitic Cloud           Conj/Pois/Air  37%        N/A       1%          3
 Dazzling Flash           Conj/Hex       64%        N/A       2%          3
 Beastly Appendage        Tmut           20%        N/A       7%          1
 Pain                     Necr           40%        1d6       7%          1
 Fulminant Prism          Conj/Hex       16%        3d11      8%          4
 Iskenderun's Mystic Bla  Conj/Tloc      32%        2d8       8%          4
 Summon Guardian Golem    Hex/Summ       18%        N/A       9%          3
 Blink                    Tloc           N/A        N/A       10%         2
 Wereblood                Tmut           10%        N/A       10%         2
 Frozen Ramparts          Ice            20%        1d4       21%         3
 Spider Form              Tmut/Pois      5%         N/A       21%         3
 Summon Ice Beast         Ice/Summ       18%        N/A       28%         4
 Animate Dead             Necr           5%         N/A       54%         4
 Cause Fear               Hex            5%         N/A       54%         4
 Ice Form                 Ice/Tmut       10%        N/A       54%         4
 Petrify                  Tmut/Erth      10%        N/A       54%         4
 Orb of Destruction       Conj           26%        9d11      63%         7
 Agony                    Necr           10%        N/A       88%         5
 Borgnjor's Vile Clutch   Necr/Erth      5%         N/A       88%         5
 Excruciating Wounds      Necr           5%         N/A       88%         5
 Manifold Assault         Tloc           10%        N/A       88%         5
 Metabolic Englaciation   Hex/Ice        5%         N/A       88%         5
 Spellforged Servitor     Conj/Summ      20%        N/A       96%         7
 Death Channel            Necr           5%         N/A       100%        6
 Statue Form              Tmut/Erth      6%         N/A       100%        6
 Dragon Form              Tmut           5%         N/A       100%        7
 Storm Form               Tmut/Air       14%        N/A       100%        7
 Infestation              Necr           5%         N/A       100%        8
 Maxwell's Capacitive Co  Air            24%        ∞         100%        8
 Dragon's Call            Summ           13%        N/A       100%        9


Dungeon Overview and Level Annotations

Branches:
Dungeon (12/15)            Temple (1/1) D:4            Lair (5/6) D:9
 Shoals (0/4) Lair:3       Spider (0/4) Lair:2        Slime (0/5) Lair:5
    Orc: D:9-12

Altars:
Ashenzari
Cheibriados
Dithmenos
Elyvilon
Fedhas
Gozag
Hepliaklqana
Kikubaaqudgha
Makhleb
Nemelex Xobeh
Okawaru
Qazlal
Ru
Sif Muna
Trog
Uskayaw
Vehumet
Wu Jian
Xom
Yredelemnul
Zin
The Shining One
Jiyva

Shops:
D:4 *

Annotations:
Lair:2 1 runed translucent door, swinepaste's ghost, journeyman HOFE


Innate Abilities, Weirdness & Mutations

You can spit globs of acid.
Your golden yellow scales are hard. (AC +8)
You cannot fit into any form of body armour.
You are cold-blooded and may be slowed by cold attacks.
You are resistant to acid. (rCorr)


Message History

You are engulfed in calcifying dust.
You are slowing down.
Your surroundings suddenly seem different.
The blink frog gives a loud, deep croak!
A nearby fungus withers and dies.
The blink frog blinks!
Your limbs are stiffening.
The blink frog hits you!
The blink frog blinks!
You have turned to stone.
The blink frog hits you but does no damage. x2
The blink frog hits you.
The blink frog blinks!
The blink frog hits you!
* * * LOW HITPOINT WARNING * * *
The blink frog hits you!
* * * LOW HITPOINT WARNING * * *
The blink frog blinks!
The blink frog hits you but does no damage.
The blink frog hits you!
* * * LOW HITPOINT WARNING * * *
The blink frog blinks!
The blink frog hits you!
* * * LOW HITPOINT WARNING * * *
The blink frog blinks!
The catoblepas breathes a plume of calcifying dust at you.
The blast of calcifying dust hits you!
* * * LOW HITPOINT WARNING * * *
You are engulfed in calcifying dust.
The blink frog hits you!
* * * LOW HITPOINT WARNING * * *
The nameless horror hits you but does no damage.
You are engulfed in calcifying dust.
The blink frog hits you.
* * * LOW HITPOINT WARNING * * *
The nameless horror hits you but does no damage.
The catoblepas completely misses you.
The blink frog hits you but does no damage.
The blink frog blinks!
You are engulfed in calcifying dust.
The nameless horror hits you but does no damage.
The blink frog hits you but does no damage.
The catoblepas gores you!
* * * LOW HITPOINT WARNING * * *
You are engulfed in calcifying dust.
The blink frog hits you!
You die...
Fedhas appreciates your contribution to the ecosystem.

..## ***,,,,,* ...#
*.P....#* ...# **......#*
.### *,.......* .##
*,......#* ..# ####
###......#* ..###.P#####
#.........* .P#......#.#
#..F...#*,*
.##........#####@F..####*
.........###.##.XY.....##
..##.....P...####F......#
.###.........# #..F....#
..#P.........####...(.[#*
.....F........##)#.P...##
.....F........P.......>.#
....#.#.#.......F.......#
.....####........F.....##


You could see a catoblepas, a nameless horror and 4 blink frogs.

Vanquished Creatures
  4 hydras
  A catoblepas (Lair:4)
  2 two-headed ogres
  A death yak (Lair:4)
  A lindwurm (Lair:4)
  An ugly thing (D:11)
  A wolf spider (Lair:2)
  2 elephants (Lair:2)
  A black mamba (Lair:1)
  3 torpor snails (Lair:3)
  4 rime drakes
  Joseph (D:7)
  10 cane toads
  5 komodo dragons
  A troll (D:7)
  A blink frog (Lair:1)
  A hornet (D:9)
  Prince Ribbit (D:8)
  A wraith (D:9)
  5 wyverns
  A redback (Lair:2)
  25 yaks
  A steam dragon (D:9)
  Menkaure (D:7)
  2 acid dragons (D:10)
  10 water moccasins
  3 orc warriors
  3 sky beasts (D:6)
  3 ogres
  An ice beast (D:7)
  4 wolves (Lair:4)
  4 necrophages
  4 centaurs
  A phantom (D:5)
  9 bullfrogs
  3 scorpions
  A gnoll sergeant (D:10)
  22 killer bees
  15 wights
  4 howler monkeys
  2 electric eels
  4 centaur zombies
  2 gnoll shamans
  2 jellies
  8 orc priests
  3 hounds
  Crazy Yiuf (D:7)
  A bullfrog skeleton (D:5)
  2 iguanas
  Jessica (D:3)
  10 orc wizards
  A scorpion zombie (D:5)
  A hound zombie (D:5)
  A hound skeleton (D:5)
  A howler monkey zombie (D:9)
  8 adders
  11 gnolls
  A howler monkey skeleton (D:7)
  2 shadow imps (D:5)
  3 white imps
  An ufetubus (D:5)
  An adder skeleton (D:5)
  2 worms (D:2)
  A dart slug (D:1)
  39 orcs
  An endoplasm (D:4)
  A giant cockroach (D:3)
  9 hobgoblins
  A jackal (D:5)
  6 kobolds
  7 quokkas
  7 ball pythons
  2 bats
  3 frilled lizards
  5 goblins
  2 rats (D:2)
317 creatures vanquished.

Vanquished Creatures (collateral kills)
  2 hydras
  A catoblepas (Lair:4)
  A cyclops (D:12)
  A black mamba (Lair:2)
  4 elephants (Lair:2)
  A cane toad (Lair:2)
  2 torpor snails
  A rime drake (Lair:3)
  A kobold demonologist (D:9)
  A komodo dragon (D:12)
  3 blink frogs
  A queen bee (Lair:1)
  A polar bear (Lair:2)
  A vampire (D:10)
  A redback (Lair:2)
  10 yaks
  A basilisk (Lair:4)
  A wyvern (Lair:1)
  4 water moccasins
  2 wolves (Lair:4)
  3 bullfrogs
  2 wights (D:10)
  7 killer bees (Lair:1)
52 creatures vanquished.

Vanquished Creatures (others)
  43 fungi
  40 plants
83 creatures vanquished.

Grand Total: 452 creatures vanquished

Notes
Turn   | Place    | Note
-------+----------+-------------------------------------------
     0 | D:1      | voltaire321 the Draconian Conjurer began the quest for the
                  | Orb.
     0 | D:1      | Reached XP level 1. HP: 14/14 MP: 3/3
   409 | D:1      | Reached XP level 2. HP: 22/22 MP: 1/5
   558 | D:1      | Learned a level 2 spell: Searing Ray
   794 | D:1      | Found a faded altar of an unknown god.
   984 | D:2      | Reached skill level 1 in Fighting
  1110 | D:2      | Found a shadowy altar of Dithmenos.
  1548 | D:2      | Reached XP level 3. HP: 23/28 MP: 2/6
  2301 | D:2      | Reached XP level 4. HP: 36/36 MP: 1/7
  2940 | D:3      | Found a broken altar of Ashenzari.
  2989 | D:3      | Reached XP level 5. HP: 40/41 MP: 7/9
  3120 | D:3      | Found a glowing golden altar of the Shining One.
  3135 | D:3      | Noticed Jessica
  3141 | D:3      | Killed Jessica
  3535 | D:4      | Reached skill level 5 in Conjurations
  3665 | D:4      | Reached XP level 6. HP: 34/50 MP: 3/11
  4523 | D:4      | Your scales start taking on a golden yellow colour.
  4523 | D:4      | Reached XP level 7. HP: 54/58 MP: 0/12
  4523 | D:4      | Gained mutation: You are resistant to acid. (rCorr) [Yellow
                  | Draconian growth]
  4818 | D:4      | Found a staircase to the Ecumenical Temple.
  4840 | Temple   | Entered the Ecumenical Temple
  4991 | Temple   | Became a worshipper of Fedhas Madash
  5266 | D:4      | Found Fapizi's Overcharged Wands.
  5379 | D:5      | Entered Level 5 of the Dungeon
  5388 | D:5      | Found a shimmering altar of Xom.
  5497 | D:5      | Reached skill level 1 in Invocations
  6015 | D:5      | Learned a level 5 spell: Lightning Bolt
  6037 | D:5      | Reached XP level 8. HP: 48/67 MP: 1/14
  6172 | D:5      | Reached skill level 1 in Air Magic
  6391 | D:5      | Reached skill level 5 in Fighting
  6473 | D:5      | Reached * piety under Fedhas
  7335 | D:6      | Reached skill level 5 in Spellcasting
  7507 | D:6      | Reached skill level 5 in Dodging
  7953 | D:6      | Reached XP level 9. HP: 75/75 MP: 12/16
  8184 | D:6      | Found the +2 robe of Vines {NoPotionHeal Regen+++}
  8742 | D:7      | Found a shadowy altar of Dithmenos.
  8776 | D:7      | Noticed Joseph
  8792 | D:7      | Killed Joseph
  9023 | D:7      | Noticed a troll
  9044 | D:7      | Reached ** piety under Fedhas
  9120 | D:7      | Killed a troll
  9121 | D:7      | Reached skill level 5 in Invocations
  9439 | D:7      | Noticed Menkaure
  9445 | D:7      | Killed Menkaure
  9539 | D:7      | Found a radiant altar of Vehumet.
  9778 | D:7      | Found a runed translucent door.
  9794 | D:7      | Noticed Crazy Yiuf
  9906 | D:7      | Killed Crazy Yiuf
 10032 | D:8      | Learned a level 4 spell: Airstrike
 10037 | D:8      | Learned a level 4 spell: Summon Lightning Spire
 10221 | D:8      | Reached XP level 10. HP: 72/84 MP: 7/19
 10300 | D:8      | Found a basalt altar of Yredelemnul.
 10315 | D:8      | Found a sacrificial altar of Ru.
 10521 | D:8      | Noticed Prince Ribbit
 10528 | D:8      | Killed Prince Ribbit
 10580 | D:8      | Identified the +0 robe of Responsibility {rF- Will+ rCorr
                  | Int+4}
 10900 | D:9      | Identified a scroll of acquirement
 10900 | D:9      | Acquired 1148 gold pieces
 10958 | D:9      | Reached skill level 1 in Summonings
 11041 | D:9      | Found a white marble altar of Elyvilon.
 11158 | D:9      | You fall into a shaft and drop 3 floors!
 11158 | D:12     | Noticed a cyclops
 11163 | D:12     | Killed a cyclops
 11364 | D:12     | Noticed a two-headed ogre
 11378 | D:12     | Killed a two-headed ogre
 11379 | D:12     | Reached skill level 5 in Air Magic
 11429 | D:12     | Got Coushuc's Reference Book on Black Magic and Fire
 11653 | D:11     | Noticed a five-headed hydra
 11667 | D:11     | Killed a five-headed hydra
 11795 | D:11     | Noticed a purple ugly thing
 11806 | D:11     | Reached *** piety under Fedhas
 11815 | D:11     | Killed a purple ugly thing
 11927 | D:10     | Entered Level 10 of the Dungeon
 12008 | D:10     | Noticed a two-headed ogre
 12016 | D:10     | Killed a two-headed ogre
 12017 | D:10     | Reached XP level 11. HP: 83/94 MP: 12/21
 12080 | D:10     | Noticed a six-headed hydra
 12254 | D:9      | Found a staircase to the Lair.
 12363 | D:9      | Found an iron altar of Okawaru.
 13587 | D:10     | Found a hide-covered altar of Uskayaw.
 13817 | D:10     | Found a burning altar of Makhleb.
 14255 | D:10     | Acquired 410 gold pieces
 14427 | Lair:1   | Entered Level 1 of the Lair of Beasts
 14509 | Lair:1   | Reached **** piety under Fedhas
 14885 | Lair:1   | Identified the -3 pair of gloves of Xutuded {Drain Fly rF++
                  | Will+ rCorr}
 16275 | Lair:1   | Reached ***** piety under Fedhas
 17566 | Lair:2   | Reached XP level 12. HP: 103/103 MP: 12/23
 18307 | Lair:2   | Found a runed translucent door.
 18338 | Lair:2   | Noticed swinepaste's ghost (journeyman HOFE)
 18503 | Lair:2   | Found a hole to the Spider Nest.
 19703 | Lair:3   | Found a snail-covered altar of Cheibriados.
 20760 | Lair:3   | Found a staircase to the Shoals.
 21599 | Lair:4   | Noticed an eight-headed hydra
 21604 | Lair:4   | Killed an eight-headed hydra
 21807 | Lair:4   | Noticed a seven-headed hydra
 21818 | Lair:4   | Killed a seven-headed hydra
 22033 | Lair:4   | Noticed a four-headed hydra
 22040 | Lair:4   | Killed a four-headed hydra
 22041 | Lair:4   | Reached skill level 10 in Fighting
 22041 | Lair:4   | Reached skill level 10 in Conjurations
 22567 | Lair:4   | Noticed a seven-headed hydra
 22577 | Lair:4   | Killed a seven-headed hydra
 22578 | Lair:4   | Reached XP level 13. HP: 60/113 MP: 14/25
 23454 | Lair:4   | Reached ****** piety under Fedhas
 24169 | Lair:5   | Found a viscous altar of Jiyva.
 24169 | Lair:5   | Found a staircase to the Slime Pits.
 24296 | Lair:5   | HP: 1/114 [catoblepas (8)]
 24297 | Lair:5   | Slain by a blink frog

Illustrated notes

Levels and vault maps discovered:
D:1:      lemuel_arrival_tunnels, layout_basic,
          hellmonk_ecumenical_altar_prayer_group, chequers_mini_garden
D:2:      layout_basic, serial_corexii_hall, corexii_hall_statues_i,
          corexii_hall_statues_i, basic_altar
D:3:      layout_basic, nicolae_overflow_crystal_walls, ashenzari_altar_1,
          hangedman_decor_peaks_small, uniq_jessica
D:4:      layout_cave_pools, minmay_temple_entry_statues_fountains,
          nicolae_shop_overcharged_wands
D:5:      minmay_chambers_of_threes, layout_basic, xom_butterflies
D:6:      layout_layer_cave
D:7:      layout_cave_pools, amcnicky_altar_gilded,
          mainiacjoe_overflow_six_doors_small, minivault_22, uniq_joseph,
          uniq_menkaure, uniq_crazy_yiuf_cottage
D:8:      layout_basic, mainiacjoe_overflow_alcove_4,
          nicolae_ru_sacrificial_ziggurat, minmay_misc_feat_chi,
          uniq_prince_ribbit1
D:9:      layout_cave_pools, mainiacjoe_overflow_alcove_1, lemuel_crystal_altar,
          lair_entry_dummy, st_stairs_8, grunt_ogre_cave
D:10:     minmay_distorted_concentric_squares, layout_small_grid,
          marbit_many_paths, nicolae_uskayaw_dance_hall
D:11:     layout_stronghold, minmay_orc_entry_temple_small
D:12:     minmay_the_grid_triangle_9x9_recursive_2
          [minmay_the_grid_triangle_9x9_prize_top_heavy,
          minmay_the_grid_triangle_9x9_windchime,
          minmay_the_grid_triangle_9x9_from_above,
          minmay_the_grid_triangle_9x9_sparse_checkered], layout_stronghold,
          fedhas_altar_fruit_tree
Temple:   minmay_temple_curvy_loop
Lair:1:   layout_roguey [special_room_bee], chequers_serial_rivers_large_a,
          minivault_26, lemuel_fruit_fields, serial_bayou_shore_a,
          infiniplex_staircase_pool_2
Lair:2:   layout_long_grid, spider_nest_entry_funnel_web,
          hellmonk_ghost_happy_afterlife
Lair:3:   layout_layer_cave, elwin_shoals_entry_rooms, kennysheep_snail_temple
Lair:4:   layout_small_grid, gauntlet_entry_generic,
          hangedman_lair_generics_rect
Lair:5:   layout_cellular_growth, dpeg_slime_entry_enclosed_altar,
          serial_bayou_shore_b, grunt_megastairs_4, minmay_lair_oklob_chamber,
          infiniplex_staircase_pool

Skill      XL: |  1  2  3  4  5  6  7  8  9 10 11 12 13 |
---------------+----------------------------------------+-----
Dodging        | 2 3 4 5 6 7 8 9 |  9.0
Fighting       | 1 2 3 4 5 6 7 8 10 | 10.3
Spellcasting   | 3 4 5 6 7 8 9 |  9.1
Conjurations   | 5 6 7 8 9 10 | 10.3
Invocations    | 2 3 5 6 7 9 |  9.5
Air Magic      | 2 4 5 6 8 |  8.6
Summonings     | 3 4 |  4.0
Stealth        | |  1.7

Action                   |  1- 3 |  4- 6 |  7- 9 | 10-12 | 13-15 || total
-------------------------+-------+-------+-------+-------+-------++-------
Melee: Unarmed           |     2 |       |       |       |       ||     2
       Dagger            |     6 |     9 |       |       |       ||    15
       Rapier            |     1 |     5 |       |       |       ||     6
       Club              |       |     2 |       |       |       ||     2
       Tailslap          |       |     2 |     5 |    19 |     1 ||    27
       Short sword       |       |       |    82 |   214 |    25 ||   321
 Cast: Magic Dart        |    45 |    43 |    30 |    29 |     7 ||   154
       Searing Ray       |     7 |    30 |    66 |   146 |    21 ||   270
       Summon Lightning  |       |       |       |    60 |    13 ||    73
       Lightning Bolt    |       |       |       |     4 |       ||     4
       Airstrike         |       |       |       |     3 |       ||     3
Invok: Wall of Briars    |       |       |       |     1 |       ||     1
 Abil: Breathe Acid      |       |       |     5 |     6 |       ||    11
Evoke: Wand              |       |       |       |     2 |       ||     2
  Use: Scroll            |       |     2 |     6 |    16 |     4 ||    28
       Potion            |       |       |       |    10 |       ||    10
 Stab: Sleeping          |     1 |       |     3 |     3 |       ||     7
       Distracted        |       |       |       |     4 |     4 ||     8
Armor: Skin              |     5 |    21 |    57 |   141 |    35 ||   259
Dodge: Dodged            |    20 |    66 |   134 |   475 |    45 ||   740
Block: Other             |       |       |    39 |   129 |    14 ||   182
       Reflection        |       |       |     4 |     1 |       ||     5

Table legend: (Time is in decaauts)
 A = Elapsed time spent in this place.
 B = Non-inter-level travel time spent in this place.
 C = Inter-level travel time spent in this place.
 D = Time resting spent in this place.
 E = Time spent auto-exploring this place.
 F = Levels seen in this place.
 G = Mean time per level.
                   A        B        C        D        E       F      G
               +--------+--------+--------+--------+--------+-----+--------+
         Total |  24442 |  23953 |    489 |  10349 |   8471 |  18 | 1357.9 |
       Dungeon |  14163 |  13738 |    425 |   5115 |   5563 |  12 | 1180.2 |
        Temple |    283 |    276 |      7 |      0 |    204 |   1 |  283.0 |
          Lair |   9996 |   9939 |     57 |   5234 |   2704 |   5 | 1999.2 |
               +--------+--------+--------+--------+--------+-----+--------+

Top non-repeatable levels by time:
  Lair:1: 3072 daAuts
  Lair:3: 2414 daAuts
  Lair:4: 2278 daAuts
    D:10: 1916 daAuts
  Lair:2: 1743 daAuts
     D:5: 1704 daAuts
     D:6: 1626 daAuts
     D:3: 1557 daAuts
     D:2: 1459 daAuts
     D:7: 1280 daAuts
     D:4: 1104 daAuts
     D:1: 979 daAuts
     D:8: 915 daAuts
     D:9: 850 daAuts
  Lair:5: 488 daAuts
